 Dungeon Crawl Stone Soup version 0.27-a0-1147-gb3d8e82157 (webtiles) character file.

Game seed: 10538319537968600547

283547 Froggeryz the Wrestler (level 19, -8/174 HPs)
             Began as a Green Draconian Berserker on May 11, 2021.
             Was a High Priest of Trog.
             Mangled by Mara
             ... wielding a +2 demon trident of electrocution
              (18 damage)
             ... on level 3 of the Depths.
             The game lasted 01:21:45 (67446 turns).

Froggeryz the Wrestler (Green Draconian Berserker) Turns: 67446, Time: 01:21:45

Health: -8/174     AC: 16    Str: 27    XL:     19   Next: 76%
Magic:  19/19      EV: 30    Int: 10    God:    Trog [*****.]
Gold:   1944       SH: 13    Dex: 26    Spells: 18/18 levels left

rFire    + . .     SeeInvis .     - Unarmed
rCold    + . .     Faith    .   G - +0 buckler
rNeg     + . .     Spirit   .   (armour unavailable)
rPois    +         Reflect  +   (helmet restricted)
rElec    +         Harm     .   S - +2 cloak
rCorr    .         Rampage  .   s - +1 pair of gloves
Will     ++...                  d - +0 pair of boots
Stlth    ++........             Y - amulet of reflection
HPRegen  0.39/turn              y - ring of Daffodils {rC+ Will+ Str+3 Dex+7}
MPRegen  0.16/turn              E - ring "Dydye" {rElec rF+ rN+ Int+3 Dex+4}

@: no status effects
A: breathe noxious fumes, AC +10, unfitting armour, stinger 1, poison
resistance, cold-blooded
}: 2/15 runes: barnacled, gossamer
a: Breathe Noxious Fumes, Renounce Religion, Berserk, Trog's Hand, Brothers in
Arms


You were on level 3 of the Depths.
You worshipped Trog.
Trog was extremely pleased with you.
You visited 6 branches of the dungeon, and saw 34 of its levels.
You also visited: Ice Cave.

You collected 5022 gold pieces.
You spent 3078 gold pieces at shops.

Inventory:

Hand Weapons
 X - a +0 short sword of distortion
Missiles
 i - 25 boomerangs of dispersal
 w - 7 curare-tipped darts
 A - 39 javelins
 H - 9 throwing nets
 O - 12 silver javelins (quivered)
 Q - 6 atropa-tipped darts
Armour
 b - a +0 kite shield
 d - a +0 pair of boots (worn)
 s - a +1 pair of gloves (worn)
 G - a +0 buckler (worn)
 S - a +2 cloak (worn)
Jewellery
 m - a ring of see invisible
 r - the ring of Zecke {rF+ rC+ AC+4}
   (You bought it in a shop on level 4 of the Dungeon)

   [ring of protection]

   It affects your AC (+4).
   It protects you from fire.
   It protects you from cold.
 y - the ring of Daffodils (left hand) {rC+ Will+ Str+3 Dex+7}
   (You found it on level 1 of the Lair of Beasts)

   [ring of willpower]

   It affects your strength (+3).
   It affects your dexterity (+7).
   It protects you from cold.
   It increases your willpower.
 E - the ring "Dydye" (right hand) {rElec rF+ rN+ Int+3 Dex+4}
   (You bought it in a shop on level 2 of the Orcish Mines)

   [ring of positive energy]

   It affects your intelligence (+3).
   It affects your dexterity (+4).
   It protects you from fire.
   It insulates you from electricity.
   It protects you from negative energy.
 Y - an amulet of reflection (around neck)
Wands
 v - a wand of digging (10)
 D - a wand of mindburst (11)
 F - a wand of paralysis (13)
 I - a wand of iceblast (57)
 K - a wand of flame (91)
 N - a wand of acid (7)
Scrolls
 g - 9 scrolls of teleportation
 h - a scroll of fear
 j - 10 scrolls of magic mapping
 k - 9 scrolls of blinking
 n - 2 scrolls of enchant weapon
 q - 8 scrolls of immolation
 t - 6 scrolls of enchant armour
 x - 2 scrolls of vulnerability
 z - 6 scrolls of fog
 B - 3 scrolls of holy word
 J - 8 scrolls of identify
 M - a scroll of summoning
 U - 2 scrolls of brand weapon {unknown}
Potions
 a - 13 potions of curing
 c - 2 potions of haste
 f - a potion of heal wounds
 l - 5 potions of flight
 o - a potion of invisibility
 p - 2 potions of lignification
 u - 3 potions of berserk rage
 C - 10 potions of ambrosia
 L - 4 potions of attraction
 P - a potion of mutation
 T - a potion of might
 W - 2 potions of resistance
Miscellaneous
 R - a condenser vane


   Skills:
 - Level 16.6 Fighting
 - Level 6.1 Throwing
 - Level 18.0 Dodging
 + Level 10.1 Shields
 + Level 21.9 Unarmed Combat


You had 18 spell levels left.
You didn't know any spells.
Your spell library was empty.

Dungeon Overview and Level Annotations

Branches:
Dungeon (15/15)            Temple (0/1) D:7            Lair (6/6) D:8
 Shoals (4/4) Lair:2       Spider (4/4) Lair:3        Slime (0/5) Lair:5
    Orc (2/2) D:10            Elf (0/3) Orc:2        Vaults (0/5) D:14
 Depths (3/5) D:15          IceCv (visited)

Altars:
Dithmenos
Elyvilon
Fedhas
Gozag
Hepliaklqana
Okawaru
Qazlal
Trog
Uskayaw
Vehumet
Wu Jian
Xom
Yredelemnul
Jiyva

Shops:
D:4 *   Orc:2 [=[*   Depths:1 ::=   Depths:2 (

Portals:
Hell: Depths:1 Depths:2 Depths:3
Abyss: Depths:2
Ziggurat: Depths:1

Annotations:
Lair:4 exclusion: 3 oklob plants
Lair:5 1 runed translucent door
Orc:1 3 runed translucent doors, Vixiras's ghost, journeyman DsVM
Depths:2 1 runed translucent door, Quahany's ghost, legendary GrEE
Depths:3 Mara; Nikola


Innate Abilities, Weirdness & Mutations

You can breathe blasts of noxious fumes.
Your lurid green scales are hard. (AC +10)
You cannot fit into any form of body armour.
Your tail ends in a poisonous barb.
Your system is resistant to poisons. (rPois)
You are cold-blooded and may be slowed by cold attacks.


Message History

Froggeryz's illusion misses you. Mara completely misses you.
You punch Mara! You tail-slap Mara, but do no damage.
Mara is almost dead.
Mara gestures at you. The bolt of fire hits you!! You resist.
You hit Mara.
Mara is almost dead.
Froggeryz's illusion closely misses you.
Mara blinks!
You closely miss Mara. You tail-slap Mara, but do no damage.
Mara is almost dead.
Mara says, "I mislead the hearts of men!"
Mara closely misses you.
Froggeryz's illusion completely misses you.
You hit Mara.
Mara is almost dead.
Mara weaves an illusion.
Mara shimmers and seems to become two!
Mara points ostentatiously.
Mara blinks!
Froggeryz's illusion completely misses you.
Mara gestures at you. The bolt of fire hits you! You resist.
Froggeryz's illusion hits you!
Mara growls.
Mara hits you from afar with a +2 demon trident of electrocution!
* * * LOW HITPOINT WARNING * * *
Mara gestures at you. The bolt of fire hits you!! You resist.
* * * LOW HITPOINT WARNING * * *
Froggeryz's illusion barely misses you.
Mara smirks. "I am one who seeks the Path and the Right."
Mara misses you.
Mara blinks!
Mara hits you from afar with a +2 demon trident of electrocution.
* * * LOW HITPOINT WARNING * * *
There is a stone staircase leading up, spattered with blood here.
Froggeryz's illusion hits you!
* * * LOW HITPOINT WARNING * * *
Mara hits you from afar with a +2 demon trident of electrocution!!
You die...

#..................##(
#..........ยง.........$
#....................#
#....................#
#....##..............#
#......R.[...........#+
#...RR................#
###...@................
##..@.####.....).###
###### ##)....##
##[..|.### #<........
#R.R....## #......##
.......# ###.....#
##....#


You could see 3 Maras and Froggeryz's illusion.

Vanquished Creatures
  Arachne (Spider:3)
  Jorgrun (Shoals:3)
  The ghost of Qennyv the Wrestler, a veteran VSFi of Gozag (Depths:2)
  Polyphemus (Shoals:3)
  2 tengu reavers
  A kraken (Shoals:4)
  Kirke (Spider:1)
  2 fire giants (Depths:2)
  5 frost giants
  2 iron dragons
  4 ghost moths
  6 emperor scorpions
  A spriggan defender (Depths:2)
  8 stone giants
  5 very ugly things (Depths:2)
  Nessos (D:12)
  6 entropy weavers
  2 vampire knights
  A dire elephant (D:15)
  3 spark wasps
  A blizzard demon (Depths:1)
  5 merfolk impalers
  6 ettins
  3 merfolk javelineers
  Josephine (Spider:1)
  3 great orbs of eyes
  5 fire dragons
  5 ice dragons
  Erolcha (D:13)
  A hell beast (Depths:1)
  11 hydras
  3 rakshasas (Depths:2)
  5 boulder beetles
  A ghost crab (Spider:1)
  6 centaur warriors
  2 ogre magi (D:15)
  2 spriggan air magi (Depths:3)
  8 merfolk aquamancers
  Erica (D:11)
  3 merfolk avatars
  3 alligator snapping turtles
  3 catoblepae
  7 tengu warriors
  A death knight (D:12)
  2 death yaks
  2 satyrs
  4 deep troll shamans (Depths:2)
  10 two-headed ogres
  A deep troll earth mage (Depths:2)
  A hell hog (Depths:1)
  3 vampire magi
  5 orc high priests (Orc:2)
  2 spriggan berserkers (Depths:2)
  Urug (Orc:1)
  Sonja (D:11)
  A soul eater (Depths:1)
  Nergalle (Lair:3)
  6 skeletal warriors
  8 sea snakes
  5 deep trolls
  A flayed ghost (Depths:2)
  A kraken simulacrum (Shoals:4)
  10 orc knights
  A wizard (D:14)
  2 phantasmal warriors
  2 deep elf pyromancers
  Pikel (D:5)
  A necromancer (IceCv)
  17 harpies
  8 cyclopes
  7 fauns
  30 wolf spiders
  17 ugly things
  11 manticores
  21 orb spiders
  4 elephants
  10 merfolk sirens
  9 black mambas
  4 moths of wrath
  3 ice statues (IceCv)
  A water nymph (shapeshifter) (Depths:2)
  6 water nymphs
  8 cane toads
  A komodo dragon (shapeshifter) (D:14)
  A freezing wraith (D:14)
  4 ice devils (IceCv)
  7 rime drakes
  An efreet (D:13)
  4 tengu conjurers
  13 komodo dragons
  13 demonic crawlers
  2 yaktaurs (D:15)
  7 trolls
  31 merfolk
  3 meliai (D:15)
  3 polar bears
  A queen bee (Lair:3)
  6 tyrant leeches (Spider:1)
  36 jumping spiders
  13 blink frogs
  5 wind drakes
  8 hornets
  18 dream sheep
  7 slime creatures
  12 snapping turtles
  2 meliai zombies (D:10)
  Sigmund (D:2)
  14 spriggans
  5 wraiths
  22 water elementals
  A vampire (D:12)
  34 tarantellas
  9 wyverns
  50 yaks
  92 redbacks
  8 basilisks
  A hog (Spider:3)
  15 vampire mosquitoes
  3 humans
  2 steam dragons
  5 wargs
  22 water moccasins
  Duvessa (D:5)
  4 ice beasts
  40 orc warriors
  11 black bears
  A black bear (shapeshifter) (D:15)
  A hornet zombie (D:6)
  2 necrophages (D:6)
  4 boggarts (Lair:6)
  6 centaurs
  6 ogres
  27 wolves
  2 lemures (D:5)
  3 kobold brigands (D:8)
  15 bullfrogs
  A water moccasin zombie (D:5)
  A scorpion (D:7)
  A water moccasin skeleton (D:5)
  Dowan (D:5)
  30 killer bees
  2 howler monkeys (D:9)
  4 wights (D:9)
  5 electric eels
  A draconian simulacrum (IceCv)
  A bullfrog zombie (D:5)
  3 centaur zombies
  2 hounds
  Crazy Yiuf (D:5)
  A gnoll shaman (D:6)
  26 orc priests
  A centaur skeleton (D:6)
  3 iguanas
  8 orc wizards
  A troll simulacrum (IceCv)
  A killer bee zombie (D:7)
  5 centaur simulacra (IceCv)
  2 howler monkey zombies
  5 gnolls (D:6)
  A howler monkey skeleton (D:6)
  A naga simulacrum (IceCv)
  8 adders
  2 ogre simulacra (IceCv)
  2 white imps (D:7)
  An ufetubus (D:4)
  3 worms
  3 dart slugs
  80 orcs
  3 ball pythons
  4 endoplasms
  3 giant cockroaches
  8 goblins
  5 hobgoblins
  10 jackals
  28 kobolds
  5 quokkas
  4 bats
  A frilled lizard (D:1)
  4 rats
  A fire vortex (D:14)
  3 tentacles (Shoals:4)
1260 creatures vanquished.

Vanquished Creatures (collateral kills)
  A caustic shrike (Depths:2)
  A frost giant (Depths:2)
  A great orb of eyes (Depths:2)
  A redback (Spider:4)
  2 killer bees
6 creatures vanquished.

Vanquished Creatures (others)
  A frost giant (Depths:2)
  A rakshasa (Depths:1)
  A phantasmal warrior (Depths:3)
  A redback (Spider:4)
  3 killer bees (Lair:3)
  An orc (Orc:2)
  29 fungi
  134 plants
  8 tentacles (Shoals:4)
179 creatures vanquished.

Grand Total: 1445 creatures vanquished

Notes
Turn   | Place    | Note
-------+----------+-------------------------------------------
     0 | D:1      | Froggeryz the Draconian Berserker began the quest for the
                  | Orb.
     0 | D:1      | Reached XP level 1. HP: 19/19 MP: 1/1
    80 | D:1      | Found Uloekhull's Book Boutique.
   182 | D:1      | Found a faded altar of an unknown god.
   215 | D:1      | Reached XP level 2. HP: 26/26 MP: 2/2
   687 | D:1      | Reached ** piety under Trog
   690 | D:1      | Reached XP level 3. HP: 24/31 MP: 3/3
   937 | D:2      | Reached skill level 4 in Unarmed Combat
  1382 | D:2      | Noticed Sigmund
  1400 | D:2      | Killed Sigmund
  1401 | D:2      | Reached skill level 5 in Unarmed Combat
  1401 | D:2      | Reached XP level 4. HP: 30/38 MP: 4/4
  1401 | D:2      | Reached XP level 5. HP: 36/45 MP: 5/5
  2014 | D:2      | Found an ornate altar of the Wu Jian Council.
  2127 | D:2      | Noticed a water moccasin
  2194 | D:2      | Killed a water moccasin
  2195 | D:2      | Reached skill level 6 in Unarmed Combat
  2195 | D:2      | Reached XP level 6. HP: 48/51 MP: 6/6
  2469 | D:3      | Noticed a steam dragon
  2479 | D:3      | Killed a steam dragon
  2936 | D:3      | Found a stormy altar of Qazlal.
  3022 | D:3      | Your scales start taking on a lurid green colour.
  3022 | D:3      | Reached XP level 7. HP: 56/57 MP: 7/7
  3022 | D:3      | Gained mutation: Your system is resistant to poisons.
                  | (rPois) [Green Draconian growth]
  3146 | D:3      | Found an opulent altar of Gozag.
  3433 | D:4      | Reached *** piety under Trog
  3574 | D:4      | Identified the +2 leather armour "Dolill" {Fly}
  3576 | D:4      | Found a bloodstained altar of Trog.
  3578 | D:4      | Found Zedud's General Store.
  3587 | D:4      | Reached skill level 7 in Unarmed Combat
  3602 | D:4      | Bought a potion of heal wounds for 55 gold pieces
  3602 | D:4      | Bought a scroll of blinking for 82 gold pieces
  3744 | D:4      | Reached skill level 5 in Dodging
  3948 | D:5      | Entered Level 5 of the Dungeon
  4176 | D:5      | Noticed Pikel
  4217 | D:5      | Killed Pikel
  4218 | D:5      | Reached skill level 8 in Unarmed Combat
  4218 | D:5      | Reached XP level 8. HP: 34/63 MP: 8/8
  4462 | D:5      | Noticed Dowan
  4464 | D:5      | Noticed Duvessa
  4471 | D:5      | Killed Dowan
  4479 | D:5      | Killed Duvessa
  4480 | D:5      | Reached skill level 9 in Unarmed Combat
  5160 | D:5      | Found a runed translucent door.
  5161 | D:5      | Noticed Crazy Yiuf
  5593 | D:5      | Killed Crazy Yiuf
  5861 | D:6      | Reached skill level 10 in Unarmed Combat
  5934 | D:6      | Reached XP level 9. HP: 35/70 MP: 9/9
  6249 | D:6      | Reached **** piety under Trog
  6625 | D:6      | Found a white marble altar of Elyvilon.
  7001 | D:7      | Found an iron altar of Okawaru.
  7012 | D:7      | Identified the +8 quarterstaff "Paine" {vorpal, Fly rElec}
  7047 | D:7      | Reached skill level 11 in Unarmed Combat
  7481 | D:7      | Found a staircase to the Ecumenical Temple.
  7585 | D:7      | Found a shadowy altar of Dithmenos.
  7585 | D:7      | Found a hazy altar of Hepliaklqana.
  8305 | D:8      | Reached XP level 10. HP: 37/78 MP: 10/10
  8309 | D:8      | Reached skill level 12 in Unarmed Combat
  8384 | D:8      | Found a staircase to the Lair.
  9067 | D:8      | Reached skill level 5 in Fighting
  9292 | D:8      | Reached ***** piety under Trog
  9815 | Lair:1   | Entered Level 1 of the Lair of Beasts
  9910 | Lair:1   | Reached skill level 13 in Unarmed Combat
 10175 | Lair:1   | Identified the ring of Daffodils {rC+ Will+ Str+3 Dex+7}
 10268 | Lair:1   | Noticed a black mamba
 10374 | Lair:1   | Killed a black mamba
 10487 | Lair:1   | Reached XP level 11. HP: 91/91 MP: 11/11
 11187 | Lair:2   | Noticed a boulder beetle
 11188 | Lair:2   | Reached skill level 14 in Unarmed Combat
 11522 | Lair:2   | Noticed a boulder beetle
 11531 | Lair:2   | HP: 4/92 [boulder beetle (26)]
 11542 | Lair:2   | HP: 2/92 [boulder beetle (9)]
 11753 | Lair:2   | Found a frozen archway.
 11762 | IceCv    | Entered an ice cave
 12562 | IceCv    | Noticed a necromancer
 12570 | IceCv    | Killed a necromancer
 12571 | IceCv    | Identified the +2 robe of Card Tricks {Int+2 Slay+3}
 12833 | Lair:2   | Reached skill level 15 in Unarmed Combat
 13160 | Lair:2   | Killed a boulder beetle
 13332 | Lair:2   | Killed a boulder beetle
 13399 | Lair:2   | Found a staircase to the Shoals.
 13887 | Lair:3   | Noticed a five-headed hydra
 13893 | Lair:3   | Killed a five-headed hydra
 13894 | Lair:3   | Reached XP level 12. HP: 77/105 MP: 12/12
 14171 | Lair:3   | Noticed Nergalle
 14179 | Lair:3   | Killed Nergalle
 14347 | Lair:3   | Reached skill level 10 in Fighting
 14555 | Lair:3   | Noticed a four-headed hydra
 14564 | Lair:3   | Killed a four-headed hydra
 14565 | Lair:3   | Reached skill level 16 in Unarmed Combat
 14875 | Lair:3   | Found a hole to the Spider Nest.
 16236 | Lair:4   | Noticed a seven-headed hydra
 16243 | Lair:4   | Killed a seven-headed hydra
 16411 | Lair:4   | Noticed a catoblepas
 16419 | Lair:4   | Noticed a six-headed hydra
 16725 | Lair:3   | Reached skill level 17 in Unarmed Combat
 16954 | Lair:4   | Noticed a seven-headed hydra
 16962 | Lair:4   | Killed a seven-headed hydra
 16963 | Lair:4   | Reached XP level 13. HP: 113/113 MP: 13/13
 18526 | Lair:5   | Found a runed translucent door.
 18527 | Lair:5   | Found a viscous altar of Jiyva.
 18530 | Lair:5   | Found a staircase to the Slime Pits.
 18629 | Lair:5   | Reached skill level 1 in Shields
 18979 | Lair:6   | Entered Level 6 of the Lair of Beasts
 18995 | Lair:6   | Reached skill level 10 in Dodging
 19287 | Lair:6   | Reached skill level 18 in Unarmed Combat
 19751 | Lair:6   | Reached ****** piety under Trog
 20041 | Lair:6   | Received a gift from Trog
 20466 | Lair:6   | Reached skill level 5 in Shields
 20481 | Lair:6   | HP: 5/113 [wolf (1)]
 20798 | Lair:6   | Gained mutation: Your tail ends in a poisonous barb. [Green
                  | Draconian growth]
 20798 | Lair:6   | Reached XP level 14. HP: 103/121 MP: 14/14
 22861 | D:10     | Entered Level 10 of the Dungeon
 23112 | D:10     | Received a gift from Trog
 23352 | D:10     | Found a basalt altar of Yredelemnul.
 23440 | D:10     | Found a staircase to the Orcish Mines.
 23687 | D:4      | Bought the ring of Zecke {rF+ rC+ AC+4} for 627 gold pieces
 23860 | Orc:1    | Entered Level 1 of the Orcish Mines
 23918 | Orc:1    | Noticed Urug
 23929 | Orc:1    | Killed Urug
 24245 | D:10     | Reached skill level 19 in Unarmed Combat
 24575 | Orc:1    | Found a runed translucent gate.
 24576 | Orc:1    | Found a runed translucent gate.
 24577 | Orc:1    | Found a runed translucent gate.
 24581 | Orc:1    | Noticed Vixiras's ghost (journeyman DsVM)
 24653 | Orc:1    | Found a shimmering altar of Xom.
 24998 | Orc:2    | Entered Level 2 of the Orcish Mines
 25001 | Orc:2    | Found a staircase to the Elven Halls.
 25290 | Orc:2    | Received a gift from Trog
 28241 | Orc:2    | Found Kyvoph's Antique Armour Emporium.
 28244 | Orc:2    | Found Uchitiuv's Antique Armour Emporium.
 28245 | Orc:2    | Found Vewk's Jewellery Shoppe.
 28246 | Orc:2    | Found Odeocuts's Assorted Antiques.
 28256 | Orc:2    | Bought a pair of heavily runed gloves for 351 gold pieces
 28256 | Orc:2    | Identified the +1 pair of gloves "Foozxex" {Harm Int+2}
                  | (You bought it in a shop on level 2 of the Orcish Mines)
 28257 | Orc:2    | Bought a pair of runed gloves for 277 gold pieces
 28475 | Orc:2    | Bought the ring "Dydye" {rElec rF+ rN+ Int+3 Dex+4} for 668
                  | gold pieces
 28476 | Orc:2    | Bought a scroll of fog for 58 gold pieces
 28658 | D:11     | Noticed Erica
 28665 | D:11     | Killed Erica
 29615 | D:11     | Noticed Sonja
 29628 | D:11     | Killed Sonja
 30432 | D:12     | Received a gift from Trog
 30433 | D:12     | Found the +8 autumn katana {vorpal, Clar}
 30623 | D:12     | Reached skill level 20 in Unarmed Combat
 30623 | D:12     | Reached XP level 15. HP: 50/126 MP: 15/15
 30884 | D:12     | Noticed Nessos
 30888 | D:12     | HP: 5/126 [Nessos/arrow (16)]
 30888 | D:12     | HP: 1/126 [Nessos/arrow (4)]
 31289 | D:12     | Killed Nessos
 31812 | D:13     | You fall into a shaft and drop 2 floors!
 31812 | D:15     | Entered Level 15 of the Dungeon
 31831 | D:15     | Found a radiant altar of Vehumet.
 32143 | D:14     | Found a gate to the Vaults.
 32194 | D:14     | Found a hide-covered altar of Uskayaw.
 32518 | D:13     | Noticed Erolcha
 32524 | D:13     | Killed Erolcha
 35501 | D:15     | Received a gift from Trog
 35627 | D:15     | Found a staircase to the Depths.
 35661 | D:15     | Reached skill level 21 in Unarmed Combat
 36820 | Spider:1 | Entered Level 1 of the Spider Nest
 37146 | Spider:1 | HP: 4/130 [entropy weaver (5)]
 37146 | Spider:1 | HP: 1/130 [entropy weaver (3)]
 37156 | Spider:1 | HP: 1/130 [disintegration (16)]
 37357 | Spider:1 | Noticed Josephine
 37362 | Spider:1 | Killed Josephine
 37363 | Spider:1 | Reached XP level 16. HP: 40/134 MP: 16/16
 37741 | Spider:1 | Received a gift from Trog
 38499 | Spider:1 | Identified a scroll of acquirement
 38502 | Spider:1 | Acquired 1112 gold pieces
 38505 | Spider:1 | You fall into a shaft and drop 1 floor!
 41272 | Spider:2 | Received a gift from Trog
 41280 | Spider:2 | HP: 4/144 [wolf spider (9)]
 41699 | Spider:2 | Reached skill level 1 in Throwing
 43182 | Spider:3 | Noticed Kirke
 43188 | Spider:3 | Noticed a sphinx
 43620 | Spider:1 | Killed Kirke
 44714 | Spider:2 | HP: 5/144 [boulder beetle (26)]
 44718 | Spider:2 | HP: 1/144 [boulder beetle (7)]
 45201 | Spider:3 | Reached skill level 5 in Throwing
 45320 | Spider:3 | Received a gift from Trog
 46202 | Spider:4 | Entered Level 4 of the Spider Nest
 46204 | Spider:4 | Reached XP level 17. HP: 150/150 MP: 17/17
 47599 | Spider:4 | Noticed Arachne
 47989 | Spider:3 | Killed Arachne
 47990 | Spider:3 | Reached skill level 15 in Dodging
 49170 | Spider:4 | Received a gift from Trog
 50928 | Spider:4 | Got a gossamer rune of Zot
 51108 | Shoals:1 | Entered Level 1 of the Shoals
 51873 | Shoals:1 | Received a gift from Trog
 51874 | Shoals:1 | Reached skill level 15 in Fighting
 52007 | Shoals:1 | Identified the +1 robe of the Gate {Fly}
 54829 | Shoals:3 | Reached XP level 18. HP: 153/163 MP: 16/18
 55438 | Shoals:3 | Noticed Jorgrun
 55449 | Shoals:3 | Killed Jorgrun
 56317 | Shoals:4 | Entered Level 4 of the Shoals
 56530 | Shoals:4 | Identified the +5 flail of Perfectionism {holy, Int+6}
 57025 | Shoals:4 | Received a gift from Trog
 57279 | Shoals:4 | Noticed Polyphemus
 57304 | Shoals:3 | Killed Polyphemus
 58206 | Shoals:4 | Got a barnacled rune of Zot
 59637 | Shoals:4 | Identified the +1 fire dragon scales "Uxkuxom" {rF++ rC-
                  | rCorr Str+4 SInv}
 60154 | Depths:1 | Entered Level 1 of the Depths
 60393 | Depths:1 | Found a blossoming altar of Fedhas.
 60627 | Depths:1 | Found Cuommagu's Book Boutique.
 60628 | Depths:1 | Found Tigeuk's Jewellery Shoppe.
 60629 | Depths:1 | Found Cexzaxy's Book Boutique.
 60637 | Depths:1 | Bought an amulet of reflection for 480 gold pieces
 60637 | Depths:1 | Bought a ring of wizardry for 480 gold pieces
 60688 | Depths:1 | Received a gift from Trog
 60766 | Depths:1 | Found a gateway to Hell.
 61568 | Depths:1 | Found a gateway to a ziggurat.
 61694 | Depths:1 | Reached XP level 19. HP: 174/174 MP: 19/19
 63445 | Depths:2 | Found Labeq's Antique Weapon Shop.
 63712 | Depths:2 | Noticed a caustic shrike
 63741 | Depths:2 | Killed a caustic shrike
 64494 | Depths:2 | Found a runed translucent door.
 64495 | Depths:2 | Noticed Qennyv's ghost (veteran VSFi)
 64601 | Depths:2 | Found a one-way gate to the infinite horrors of the Abyss.
 64925 | Depths:2 | Killed Qennyv's ghost
 64938 | Depths:2 | Found a runed translucent door.
 64943 | Depths:2 | Identified the +9 dagger of the Thoughtful Hosts {vorpal,
                  | rCorr} (Trog gifted it to you on level 2 of the Depths)
 64943 | Depths:2 | Received a gift from Trog
 65192 | Depths:2 | Noticed a golden dragon
 65193 | Depths:2 | Noticed Quahany's ghost (legendary GrEE)
 65193 | Depths:2 | Noticed a golden dragon
 66916 | Depths:3 | Reached skill level 10 in Shields
 66958 | Depths:3 | Noticed Mara
 66974 | Depths:3 | Noticed Froggeryz's illusion
 67009 | Depths:3 | Noticed Nikola
 67416 | Depths:3 | Noticed Froggeryz's illusion
 67446 | Depths:3 | Mangled by Mara

Illustrated notes

Levels and vault maps discovered:
D:1:      psy_arrival_statuary, layout_rooms, serial_shops, shop,
          shapermc_ecumenical_altar_mp_highgroup
D:2:      layout_loops_corners, basic_altar, hex_large, uniq_sigmund
D:3:      layout_loops_cross, grunt_qazlal_clouds, lemuel_tele_altar,
          st_stairs_9
D:4:      layout_loops_ring, overflow_temple_1_default, serial_shops,
          shop_fountains
D:5:      layout_basic, uniq_pikel, uniq_crazy_yiuf_cottage, uniq_duvessa
D:6:      layout_loops_corners, kennysheep_small_circle
D:7:      layout_basic, kennysheep_okawaru_gauntlet,
          riverfiend_overflow_shadow_ancestor, minmay_temple_entry_glassed_door
D:8:      layout_basic, minmay_lair_entry_grove, hangedman_abyss_or_decor_stabs,
          lemuel_flamethrower_2
D:9:      dragon1_lemuel, layout_rooms
D:10:     layout_cave_pools, lemuel_zombie_altar_yredelemnul, hiddenorc1_lemuel
D:11:     layout_grid_maze, uniq_erica, uniq_sonja
D:12:     layout_loops_ring, uniq_nessos
D:13:     lemuel_ice_spiral_2, layout_basic, drop_trap, uniq_erolcha
D:14:     layout_roguey, david_vaults_4, nicolae_uskayaw_suspiria
D:15:     hangedman_depths_entry_try_elsewhere_first, layout_rooms,
          nicolae_vehumet_radiance
Lair:1:   layout_chaotic_city
Lair:2:   layout_regular_city, shoals_dummy_entry,
          portal_ice_cave_entry_pillars_1
Lair:3:   layout_layer_cave, spider_nest_entry_webs, special_room
          [special_room_bee], lemuel_fruit_tree, uniq_nergalle
Lair:4:   layout_misc_corridors, minmay_lair_oklob_chamber,
          infiniplex_staircase_pool_2
Lair:5:   layout_cave_shapes, slime_altar_2
Lair:6:   minmay_lair_end_enchanted_forest, layout_small_grid, pond,
          wad_woods_river_01
Shoals:1: layout_shoals
Shoals:2: layout_shoals
Shoals:3: layout_shoals, uniq_jorgrun
Shoals:4: shoals_end_grunt_ice, layout_shoals, uniq_polyphemus
Spider:1: layout_spider_delve, nicolae_spider_swamp_cousins, uniq_josephine
Spider:2: layout_spider_delve
Spider:3: nicolae_spider_hilbert_zone_5 [nicolae_spider_hilbert_3_sides_1_open,
          nicolae_spider_hilbert_4_sides_1_open,
          nicolae_spider_hilbert_4_sides_1_open,
          nicolae_spider_hilbert_6_sides_1_open,
          nicolae_spider_hilbert_6_sides_1_open,
          nicolae_spider_hilbert_2_sides_1_open,
          nicolae_spider_hilbert_2_sides_1_open],
          hangedman_spider_tarantella_strand, uniq_kirke
Spider:4: grunt_spider_rune_circles, uniq_arachne
Orc:1:    layout_caves, basic_altar, special_room [special_room_orc],
          gammafunk_ghost_necromancy, uniq_urug
Orc:2:    st_orc_pillars, layout_caves, lemuel_statue_altar
Depths:1: layout_forbidden_donut, enter_ziggurat_b, fedhas_altar_fruit_tree,
          grunt_mini_vestibule, serial_bayou_lake_a, serial_bayou_shore_b,
          serial_bayou_shore_a, minmay_shop_grove
Depths:2: minmay_connected_boxes_in_corner, layout_cave_shapes,
          muffindrake_ghost_three_little_ghosts, abyss_entry_crystal,
          serial_shops, nicolae_shop_temple_entry_statues_fountains,
          hangedman_coc_ice_floe
Depths:3: grunt_arcs, layout_cave_shapes, infiniplex_enter_wizlab_spiral,
          hell_entry, pan_entry, serial_shops, nicolae_shop_waterfront,
          infiniplex_staircase_star, uniq_mara, uniq_nikola, uniq_sojobo

Skill      XL: |  1  2  3  4  5  6  7  8  9 10 11 12 13 14 15 16 17 18 19 |
---------------+----------------------------------------------------------+-----
Dodging        | 3 4 5 6 8 9 10 11 13 14 16 18 | 18.0
Unarmed Combat | 5 6 8 10 11 13 15 17 18 20 21 | 21.9
Fighting       | 6 9 10 11 13 15 16 | 16.6
Shields        | 5 6 10 | 10.1
Throwing       | 5 6 |  6.1

Action                   |  1- 3 |  4- 6 |  7- 9 | 10-12 | 13-15 | 16-18 | 19-21 || total
-------------------------+-------+-------+-------+-------+-------+-------+-------++-------
Melee: Unarmed           |   106 |    74 |   323 |   612 |  1373 |  1932 |   421 ||  4841
       Tailslap          |    10 |    12 |    62 |   120 |   298 |   500 |   122 ||  1124
       Punch             |     1 |     1 |    17 |    52 |    41 |       |       ||   112
Throw: Javelin           |       |       |       |       |       |     4 |       ||     4
Invok: Berserk           |     2 |     2 |     1 |     6 |     2 |    11 |     3 ||    27
       Trog's Hand       |       |       |       |       |     3 |     9 |     3 ||    15
       Brothers in Arms  |       |       |       |       |       |       |     1 ||     1
 Abil: Breathe Noxious F |       |       |     9 |    15 |    31 |    11 |     4 ||    70
Evoke: Wand              |       |       |       |       |     4 |    43 |       ||    47
       Condenser vane    |       |       |       |       |       |       |     1 ||     1
  Use: Scroll            |     5 |       |     4 |     9 |     9 |    13 |     1 ||    41
       Potion            |       |       |       |     2 |     3 |     8 |     1 ||    14
 Stab: Sleeping          |       |       |     2 |     4 |     3 |     1 |       ||    10
       Distracted        |       |       |     1 |       |     2 |     3 |       ||     6
       Confused          |       |       |     5 |    12 |    28 |     4 |     5 ||    54
       Paralysed         |       |       |       |       |       |     5 |       ||     5
       Held in net/web   |       |       |       |       |       |    12 |       ||    12
       Petrified         |       |       |       |       |       |     3 |       ||     3
Armor: Skin              |    25 |    15 |    63 |    73 |   198 |   405 |    54 ||   833
Dodge: Dodged            |    59 |    43 |   221 |   513 |   981 |  2065 |   283 ||  4165
Block: Buckler           |       |       |       |       |   254 |   651 |   128 ||  1033
       Reflection        |       |       |       |       |       |       |     3 ||     3

Table legend: (Time is in decaauts)
 A = Elapsed time spent in this place.
 B = Non-inter-level travel time spent in this place.
 C = Inter-level travel time spent in this place.
 D = Time resting spent in this place.
 E = Time spent auto-exploring this place.
 F = Levels seen in this place.
 G = Mean time per level.
                   A        B        C        D        E       F      G
               +--------+--------+--------+--------+--------+-----+--------+
         Total |  66575 |  64037 |   2538 |  24874 |  30488 |  35 | 1902.1 |
       Dungeon |  20041 |  18702 |   1339 |   4153 |  12390 |  15 | 1336.1 |
          Lair |  11289 |  10860 |    429 |   3056 |   6378 |   6 | 1881.5 |
        Shoals |   8869 |   8663 |    206 |   3465 |   3855 |   4 | 2217.2 |
   Spider Nest |  13932 |  13673 |    259 |   8915 |   2881 |   4 | 3483.0 |
  Orcish Mines |   4297 |   4122 |    175 |   1242 |   2110 |   2 | 2148.5 |
        Depths |   7147 |   7019 |    128 |   3635 |   2471 |   3 | 2382.3 |
      Ice Cave |    997 |    997 |      0 |    406 |    403 |   1 |  997.0 |
               +--------+--------+--------+--------+--------+-----+--------+

Top non-repeatable levels by time:
Spider:3: 5034 daAuts
Depths:2: 4114 daAuts
Spider:1: 4103 daAuts
Spider:2: 3650 daAuts
   Orc:2: 3208 daAuts
Shoals:3: 3133 daAuts
  Lair:6: 2990 daAuts
  Lair:3: 2942 daAuts
Depths:1: 2848 daAuts
Shoals:1: 2236 daAuts
Shoals:4: 2204 daAuts
    D:14: 2000 daAuts
    D:11: 1806 daAuts
     D:5: 1783 daAuts
  Lair:1: 1711 daAuts
